 Dungeon Crawl Stone Soup version 0.24-a0-699-g5a66b1aa3b (webtiles) character file.

Game seed: 6193832125896585869, levelgen mode: deterministic

2643 Peloso the Carver (level 9, -7/75 HPs)
             Began as a Minotaur Fighter on Sept 29, 2019.
             Was an Initiate of Gozag.
             Mangled by a komodo dragon (19 damage)
             ... on level 8 of the Dungeon.
             The game lasted 00:11:39 (5973 turns).

Peloso the Carver (Minotaur Fighter)                Turns: 5973, Time: 00:11:39

Health: -7/75      AC: 10    Str: 22    XL:     9   Next: 35%
Magic:  8/8        EV:  8    Int:  5    God:    Gozag
Gold:   377        SH: 11    Dex: 12    Spells: 8/8 levels left

rFire    + . .     SeeInvis .   a - +0 long sword
rCold    x . .     Gourm    .   c - +0 shield
rNeg     . . .     Faith    .   b - +0 chain mail
rPois    .         Spirit   .   (helmet restricted)
rElec    .         Reflect  .   j - scarf {repulsion}
rCorr    .         Harm     .   (no gloves)
MR       .....                  (no boots)
Stlth    ..........             (no amulet)
HPRegen  0.22/turn              r - ring of flight
MPRegen  0.11/turn              w - ring of fire

@: repel missiles
A: retaliatory headbutt, horns 2
a: Potion Petition, Call Merchant, Bribe Branch, Renounce Religion, Evoke Flight


You were on level 8 of the Dungeon.
You worshipped Gozag.
Gozag was aware of your devotion.
You were hungry.

You visited 2 branches of the dungeon, and saw 9 of its levels.

You collected 470 gold pieces.
You paid 93 gold pieces to Gozag.

Inventory:

Hand Weapons
 a - a +0 long sword (weapon)
 u - a cursed -3 war axe
Armour
 b - a +0 chain mail (worn)
 c - a +0 shield (worn)
 j - a scarf of repulsion (worn)
Jewellery
 r - a ring of flight (left hand)
 w - a ring of fire (right hand)
 y - an uncursed ring of positive energy {unknown}
 z - a +2 ring of protection {unknown}
 A - a +3 ring of intelligence {unknown}
Wands
 B - a wand of flame (25)
Scrolls
 d - a scroll of enchant armour {unknown}
 e - 3 scrolls of remove curse
 g - 4 scrolls of teleportation
 i - 3 scrolls of immolation {unknown}
 l - a scroll of noise {unknown}
 n - 5 scrolls of fear {unknown}
 o - a scroll of amnesia {unknown}
 p - 2 scrolls of blinking {unknown}
 q - 8 scrolls of identify {unknown}
 x - 2 scrolls of enchant weapon {unknown}
Potions
 h - 2 potions of heal wounds
 k - 2 potions of brilliance {unknown}
 m - 2 potions of haste {unknown}
 s - a potion of agility {unknown}
 t - 2 potions of curing {unknown}
 v - a potion of might
Comestibles
 f - 11 rations


   Skills:
 + Level 6.0 Fighting
 + Level 9.4 Long Blades
 + Level 7.5 Armour
 + Level 4.2 Dodging
 + Level 1.6 Stealth
 + Level 8.1 Shields


You had 8 spell levels left.
You didn't know any spells.
Your spell library contained the following spells:

 Spells                   Type           Power        Failure   Level  Hunger
 Sandblast                Erth           #.....       100%        1    ##.....
 Passwall                 Tmut/Erth      #.......     100%        2    ###....
 Stone Arrow              Conj/Erth      #.....       100%        3    ####...
 Petrify                  Tmut/Erth      #.......     100%        4    #####..
 Lee's Rapid Deconstruct  Erth           #.........   100%        5    ######.


Dungeon Overview and Level Annotations

Branches:
Dungeon (8/15)             Temple (1/1) D:6            Lair (0/6) D:8

Altars:
Ashenzari
Cheibriados
Dithmenos
Gozag
Nemelex Xobeh
Qazlal
Trog
Uskayaw
Vehumet
Wu Jian
Yredelemnul
Zin
The Shining One

Shops:
D:7 *=[:[


Innate Abilities, Weirdness & Mutations

You reflexively headbutt those who attack you in melee.
You have a pair of horns on your head.


Message History

The komodo dragon is moderately wounded.
You block the komodo dragon's attack.
You barely miss the komodo dragon.
The komodo dragon is moderately wounded.
The komodo dragon bites you!!
You barely miss the komodo dragon.
The komodo dragon is moderately wounded.
The komodo dragon bites you!!
* * * LOW HITPOINT WARNING * * *
You hit the komodo dragon but do no damage.
You headbutt the komodo dragon.
The komodo dragon is moderately wounded.
You hit the komodo dragon but do no damage.
The komodo dragon is moderately wounded.
You block the komodo dragon's attack.
You hit the komodo dragon but do no damage.
The komodo dragon is moderately wounded.
The komodo dragon bites you!!
You die...
Your body crumbles into a pile of gold.

##.######.# #.#####
#.......#.# #.#
####.......#.# #.#
.............###.#
####...........#.#####
#.......###.#.....##
#.......# .#)###..##
#.......# #.###...##
#.......# #@##...PP#
#.......# #l#.....PP#
#.......# #.#....PPP#
#.......# #.....PPPP#


#..P.PPPPP# #....PP.PP# #$..PP..PP# ...PPP.>.P# ###P.PP. You could see a komodo
dragon.

Vanquished Creatures
  A cyclops (D:8)
  Edmund (D:5)
  5 ogres
  A phantom (D:6)
  2 sky beasts
  4 centaurs
  A bullfrog (D:7)
  A scorpion (D:3)
  3 howler monkeys (D:7)
  4 wights (D:7)
  3 crimson imps
  2 jellies (D:7)
  3 orc priests
  A bullfrog skeleton (D:7)
  2 hounds
  4 orc wizards
  An iguana (D:7)
  4 worker ants
  A hound skeleton (D:6)
  A worker ant zombie (D:5)
  7 adders
  An ooze (D:3)
  A worm (D:5)
  2 dart slugs
  3 leopard geckos
  22 orcs
  A giant cockroach (D:7)
  8 goblins
  7 hobgoblins
  2 quokkas
  2 ball pythons (D:1)
  9 bats
  7 frilled lizards
  5 kobolds
  6 rats
128 creatures vanquished.

Vanquished Creatures (others)
  2 plants (D:8)
2 creatures vanquished.

Grand Total: 130 creatures vanquished

Notes
Turn   | Place    | Note
-------+----------+-------------------------------------------
     0 | D:1      | Peloso the Minotaur Fighter began the quest for the Orb.
     0 | D:1      | Reached XP level 1. HP: 19/19 MP: 0/0
   138 | D:1      | Reached XP level 2. HP: 21/27 MP: 1/1
   354 | D:1      | Reached skill level 3 in Long Blades
  1004 | D:2      | Reached XP level 3. HP: 33/33 MP: 2/2
  1401 | D:2      | Reached skill level 1 in Dodging
  1497 | D:2      | Reached XP level 4. HP: 40/40 MP: 3/3
  1771 | D:3      | Reached skill level 4 in Long Blades
  2101 | D:3      | Reached XP level 5. HP: 46/46 MP: 4/4
  2414 | D:4      | Noticed an ogre
  2421 | D:4      | Killed an ogre
  2421 | D:4      | Reached XP level 6. HP: 31/53 MP: 5/5
  2629 | D:4      | Reached skill level 5 in Shields
  2645 | D:4      | Found a basalt altar of Yredelemnul.
  2835 | D:4      | Reached skill level 5 in Long Blades
  2877 | D:4      | Reached skill level 5 in Armour
  3064 | D:5      | Entered Level 5 of the Dungeon
  3272 | D:5      | You fall into a shaft and drop 3 floors!
  3325 | D:8      | Noticed a cyclops
  3337 | D:8      | Reached XP level 7. HP: 60/60 MP: 6/6
  3342 | D:8      | Killed a cyclops
  3342 | D:8      | Reached skill level 5 in Fighting
  3342 | D:8      | Reached skill level 6 in Long Blades
  3354 | D:8      | Reached skill level 7 in Long Blades
  3354 | D:8      | Reached XP level 8. HP: 50/68 MP: 7/7
  3475 | D:7      | Found a shattered altar of Ashenzari.
  3802 | D:7      | Found Deobreal's Antique Armour Emporium.
  3874 | D:6      | Found a shadowy altar of Dithmenos.
  3964 | D:7      | Reached skill level 8 in Long Blades
  3964 | D:7      | Reached skill level 1 in Stealth
  4088 | D:7      | Found Hahukhlu's Book Shoppe.
  4128 | D:7      | Found Uliwn's Jewellery Emporium.
  4223 | D:6      | Found a staircase to the Ecumenical Temple.
  4236 | Temple   | Entered the Ecumenical Temple
  4255 | Temple   | Became a worshipper of Gozag Ym Sagoz the Greedy
  4322 | D:6      | Found an ornate altar of the Wu Jian Council.
  4324 | D:6      | Found a radiant altar of Vehumet.
  4440 | D:6      | Reached XP level 9. HP: 69/75 MP: 8/8
  4482 | D:6      | Reached skill level 9 in Long Blades
  5204 | D:5      | Found a snail-covered altar of Cheibriados.
  5240 | D:5      | Noticed Edmund
  5281 | D:5      | Killed Edmund
  5632 | D:7      | Found Lyutur's General Store.
  5724 | D:7      | Found Mitioffe's Antique Armour Shoppe.
  5897 | D:8      | Found a staircase to the Lair.
  5959 | D:8      | Noticed a komodo dragon
  5973 | D:8      | Mangled by a komodo dragon

Levels and vault maps discovered:
D:1:      sevenhm_arrival_forest_fort_small_6, layout_basic
D:2:      layout_loops_corners
D:3:      layout_basic, serial_park_tiny_1, grunt_ministairs_6,
          grunt_decor_mini_mirrors, solitary_fountain
D:4:      layout_loops_cross, kennysheep_little_box, first_ration
D:5:      layout_loops_ring, cheibrodos_worm_habitat, uniq_edmund
D:6:      layout_basic, nicolae_overflow_hidden_temple,
          chequers_temple_overflow_statue_of_worship,
          minmay_temple_entry_poolview
D:7:      layout_rooms, cheibrodos_ashenzari_chains, serial_shops, shop,
          nicolae_shop_overgrown_old_shop, kennysheep_mini, shop, shop_fountains
D:8:      layout_basic, david_lair_shrubbed, blue_anna_alchemist
          [blue_anna_fruit_fields, blue_anna_fruit_fields], uniq_harold,
          uniq_grum, uniq_pikel
Temple:   eino_temple_scatter_basement

Skill      XL: |  1  2  3  4  5  6  7  8  9 |
---------------+----------------------------+-----
Shields        | 4 5 6 7 8 |  8.1
Long Blades    | 3 4 5 7 8 9 |  9.4
Armour         | 4 5 6 7 |  7.5
Dodging        | 1 2 3 4 |  4.2
Fighting       | 4 5 6 |  6.0
Stealth        | 1 |  1.6

Action                   |  1- 3 |  4- 6 |  7- 9 || total
-------------------------+-------+-------+-------++-------
Melee: Long sword        |    99 |   119 |   234 ||   452
       Headbutt          |    17 |    18 |    46 ||    81
  Use: Potion            |     3 |     1 |       ||     4
       Scroll            |       |     1 |     2 ||     3
 Stab: Distracted        |       |       |     1 ||     1
  Eat: Chunk             |     1 |     6 |     2 ||     9
       Ration            |       |       |     2 ||     2
Armor: Scale mail        |    57 |    36 |    12 ||   105
       Chain mail        |       |       |    47 ||    47
Dodge: Dodged            |    30 |    40 |    46 ||   116
       Deflected         |       |     2 |     4 ||     6
Block: Shield            |    58 |    76 |    96 ||   230
       Rpst.: Long sword |     5 |    10 |    15 ||    30

Table legend:
 A = Non-vault XP
 B = Vault XP
 C = Vault XP percentage of total XP
 D = Non-vault monster count
 E = Vault monster count
 F = Vault count percentage of total count
                 A         B        C        D         E       F
            +---------+---------+-------+---------+---------+-------
      Total |    3608 |     168 |   4.4 |     125 |       3 |   2.3
            +---------+---------+-------+---------+---------+-------
        D:1 |      33 |       0 |   0.0 |      21 |       0 |   0.0
        D:2 |      70 |       0 |   0.0 |      21 |       0 |   0.0
        D:3 |     163 |       1 |   0.6 |      16 |       1 |   5.9
        D:4 |     305 |       0 |   0.0 |      14 |       0 |   0.0
        D:5 |     300 |     167 |  35.8 |       9 |       2 |  18.2
        D:6 |     727 |       0 |   0.0 |      17 |       0 |   0.0
        D:7 |     799 |       0 |   0.0 |      16 |       0 |   0.0
        D:8 |    1211 |       0 |   0.0 |      11 |       0 |   0.0
            +---------+---------+-------+---------+---------+-------
